 Dungeon Crawl Stone Soup version 0.29-a0-866-g0545e20025 (webtiles) character file.

Game seed: 14326133186600266622

2257 Malachi the Frost Mage (level 9, 0/66 HPs)
             Began as a Gnoll Ice Elementalist on July 17, 2022.
             Was a Believer of Vehumet.
             Slain by a wyvern (6 damage)
             ... on level 10 of the Dungeon.
             The game lasted 00:13:16 (8385 turns).

Malachi the Frost Mage (Gnoll Ice Elementalist)     Turns: 8385, Time: 00:13:17

Health: 0/66       AC: 12    Str:  8    XL:     9   Next: 37%
Magic:  9/17       EV: 13    Int: 18    God:    Vehumet [**....]
Gold:   421        SH:  5    Dex: 13    Spells: 11/21 levels left

rFire   . . .      SeeInvis .   E - +9 dagger "Kiezxe" {freeze, rC++ rN+}
rCold   + + .      Faith    .   e - +0 buckler
rNeg    + . .      Spirit   .   p - +0 leather armour
rPois   .          Reflect  .   w - +0 helmet
rElec   .          Harm     .   (no cloak)
rCorr   .          Rampage  .   c - +0 pair of gloves
Will    .....                   (no boots)
Stlth   +++.......              (no amulet)
HPRegen 0.21/turn               s - ring of flight
MPRegen 0.15/turn               (no ring)

@: mighty, ice-armoured, on berserk cooldown, freezing walls, flying, very
slightly contaminated, slowed, very slow
A: fangs 1, strong nose, distributed training, hooves 1, low MP 1, wild magic 1
a: Renounce Religion


You were on level 10 of the Dungeon.
You worshipped Vehumet.
Vehumet was pleased with you.
You visited 1 branch of the dungeon, and saw 8 of its levels.

You collected 421 gold pieces.

Inventory:

Hand Weapons
 r - a +2 short sword of venom
 B - a +0 morningstar of protection
 E - the +9 dagger "Kiezxe" (weapon) {freeze, rC++ rN+}
   (You found it on level 5 of the Dungeon)

   It freezes those it strikes, dealing additional cold damage.
   It can also slow down cold-blooded creatures.
   rC:        It greatly protects you from cold.
   rN:        It protects you from negative energy.
Missiles
 a - 21 poisoned darts
 I - a throwing net
Armour
 c - a +0 pair of gloves (worn)
 e - a +0 buckler (worn)
 p - a +0 leather armour (worn)
 w - a +0 helmet (worn)
Magical Staves
 l - a staff of earth
 u - a staff of death
Jewellery
 s - a ring of flight (left hand)
 C - a ring of see invisible
 D - a ring of protection from cold
 G - a +4 ring of slaying
Wands
 t - a wand of light (2)
 y - a wand of paralysis (7)
Scrolls
 f - 2 scrolls of enchant weapon
 h - 2 scrolls of teleportation
 i - a scroll of amnesia
 m - 2 scrolls of fog
 n - 2 scrolls of enchant armour
 x - 2 scrolls of silence
 A - 2 scrolls of fear
 F - a scroll of summoning {unknown}
 H - 2 scrolls of identify
 J - a scroll of blinking {unknown}
Potions
 b - 5 potions of magic
 g - 2 potions of mutation
 j - 3 potions of curing
 k - a potion of berserk rage
 o - 2 potions of lignification {unknown}
 q - a potion of attraction {unknown}
 v - 3 potions of degeneration {unknown}
 z - 2 potions of brilliance {unknown}
 K - a potion of heal wounds {unknown}


   Skills:
 + Level 4.3 Fighting
 + Level 4.3 Short Blades
 + Level 4.3 Long Blades
 + Level 4.3 Axes
 + Level 4.3 Maces & Flails
 + Level 4.3 Polearms
 + Level 4.3 Staves
 + Level 4.3 Ranged Weapons
 + Level 4.3 Throwing
 + Level 4.3 Armour
 + Level 6.4 Dodging
 + Level 6.1 Stealth
 + Level 4.3 Shields
 + Level 4.3 Unarmed Combat
 + Level 6.7 Spellcasting
 + Level 3.6 Conjurations
 + Level 3.6 Hexes
 + Level 3.6 Summonings
 + Level 3.6 Necromancy
 + Level 3.6 Translocations
 + Level 3.6 Transmutations
 + Level 3.6 Fire Magic
 + Level 8.0 Ice Magic
 + Level 3.6 Air Magic
 + Level 3.6 Earth Magic
 + Level 3.6 Poison Magic
 + Level 4.8 Invocations
 + Level 4.3 Evocations


You had 11 spell levels left.
You knew the following spells:

 Your Spells              Type           Power      Damage    Failure   Level
a - Freeze                Ice            100%       1d11      1%          1
b - Frozen Ramparts       Ice            90%        1d11      4%          3
c - Ozocubu's Armour      Ice            45%        N/A       4%          3
d - Swiftness             Air            24%        N/A       21%         3

Your spell library contained the following spells:

 Spells                   Type           Power      Damage    Failure   Level
 Sandblast                Erth           48%        2d12      8%          1
 Apportation              Tloc           48%        N/A       8%          1
 Shock                    Conj/Air       96%        1d9       8%          1
 Summon Small Mammal      Summ           96%        N/A       8%          1
 Static Discharge         Conj/Air       24%        3-6/arc   11%         2
 Hailstorm                Conj/Ice       35%        3d9       26%         4
 Airstrike                Air            12%        0-5+      50%         4
 Dispel Undead            Necr           24%        3d12      50%         4
 Sticky Flame             Conj/Fire      24%        2d5       50%         4
 Alistair's Intoxication  Tmut/Pois      16%        N/A       83%         5
 Spellforged Servitor     Conj/Summ      12%        N/A       100%        7


Dungeon Overview and Level Annotations

Branches:
Dungeon (7/15)             Temple (0/1) D:4

Altars:
Ashenzari
Vehumet
Xom

Portals:
Ossuary: D:7


Innate Abilities, Weirdness & Mutations

You have very sharp teeth.
Your uncanny sense of smell can sniff out nearby items.
Your experience applies equally to all skills.
You have large cloven feet.
Your magical capacity is low. (-10% MP)
Your spells are a little harder to cast, but a little more powerful.


Message History

The wall freezes the scorpion.
You kill the scorpion!
Vehumet accepts your kill.
You feel your power returning.
The wall freezes the scorpion.
You kill the scorpion!
Vehumet accepts your kill.
Your icy armour cracks and falls away as you move.
The frozen ramparts melt away as you move.
A wyvern comes into view.
The wyvern hisses angrily.
A wight comes into view. It is wielding a +0 hand axe.
A yak comes into view.
A basilisk comes into view.
You see here a water moccasin corpse.
You feel a strong urge to attack something.
You feel your anger nearly subside.
You are no longer berserk.
You are exhausted.
You feel yourself slow down.
You hear a bellow!
Casting: Ozocubu's Armour (dangerous; 4% risk of failure)
Confirm with . or Enter, or press ? or * to list all spells.
Casting: Frozen Ramparts (dangerous; 4% risk of failure)
Press: ? - help, Dir - look around, f - activate You miscast Frozen Ramparts.
You are very lightly contaminated with residual magic.
Nothing appears to happen.
The yak bellows!
You hear an angry hiss.
The wyvern barely misses you.
The wyvern bites you but does no damage.
Casting: Frozen Ramparts (dangerous; 4% risk of failure)
Confirm with . or Enter, or press ? or * to list all spells.
A film of ice covers your body! The wyvern bites you!
* * * LOW HITPOINT WARNING * * *
You block the wyvern's attack.
Casting: Ozocubu's Armour (dangerous; 4% risk of failure)
Confirm with . or Enter, or press ? or * to list all spells.
Casting: Frozen Ramparts (dangerous; 4% risk of failure)
Press: ? - help, Dir - look around, f - activate The walls around you are covered in ice.
The wall freezes the wyvern.
The wyvern bites you.
You die...

....... P.P..
.....P...P.Y .##
..P...l..P. ...
.P.♣.....P . #..
.....Pl.# ..#...
#.†...# #.... ##†#
#....##l.# ## .#
##....@## #.#
..###..#..## ...
#.....#.#.### ...#
#[....###...##
...###.....###....##
#..#...#......###.##
#.....# ##...## ##.#
###.....###.....###.##
............#....#..#


You could see a basilisk and a wyvern.

Vanquished Creatures
  A steam dragon (D:7)
  3 water moccasins
  2 orc warriors (D:6)
  An ogre (D:6)
  4 phantoms
  2 necrophages (D:5)
  7 scorpions
  2 hounds (D:6)
  A jelly (D:6)
  3 orc priests (D:6)
  7 iguanas
  3 orc wizards
  A statue (D:3)
  Robin (D:3)
  4 gnolls (D:6)
  2 adders (D:2)
  A shadow imp (D:6)
  4 white imps
  An ufetubus (D:6)
  A worm (D:4)
  5 dart slugs
  26 orcs
  9 ball pythons
  10 endoplasms
  A giant cockroach (D:2)
  24 goblins
  3 hobgoblins
  4 jackals (D:2)
  7 kobolds
  6 bats
  5 frilled lizards
  5 rats
156 creatures vanquished.

Vanquished Creatures (others)
  A fungus (D:10)
  11 plants (D:10)
12 creatures vanquished.

Grand Total: 168 creatures vanquished

Notes
Turn   | Place    | Note
-------+----------+-------------------------------------------
     0 | D:1      | Malachi the Gnoll Ice Elementalist began the quest for the
                  | Orb.
     0 | D:1      | Reached XP level 1. HP: 13/13 MP: 6/6
     1 | D:1      | Noticed an electric eel
    30 | D:1      | Found a faded altar of an unknown god.
   404 | D:1      | Reached XP level 2. HP: 19/19 MP: 5/7
  1148 | D:2      | Reached skill level 5 in Spellcasting
  1148 | D:2      | Reached XP level 3. HP: 25/25 MP: 6/9
  1154 | D:2      | Learned a level 3 spell: Frozen Ramparts
  1158 | D:2      | Learned a level 3 spell: Ozocubu's Armour
  1200 | D:2      | Reached skill level 1 in Invocations
  1431 | D:2      | Found a shimmering altar of Xom.
  1675 | D:2      | Reached skill level 1 in Fighting
  1675 | D:2      | Reached skill level 1 in Short Blades
  1675 | D:2      | Reached skill level 1 in Long Blades
  1675 | D:2      | Reached skill level 1 in Axes
  1675 | D:2      | Reached skill level 1 in Maces & Flails
  1675 | D:2      | Reached skill level 1 in Polearms
  1675 | D:2      | Reached skill level 1 in Staves
  1675 | D:2      | Reached skill level 1 in Ranged Weapons
  1675 | D:2      | Reached skill level 1 in Throwing
  1675 | D:2      | Reached skill level 1 in Armour
  1675 | D:2      | Reached skill level 1 in Shields
  1675 | D:2      | Reached skill level 1 in Unarmed Combat
  1675 | D:2      | Reached skill level 1 in Evocations
  1867 | D:2      | Got the Guide on Gusts and Production
  1984 | D:2      | Reached XP level 4. HP: 29/32 MP: 6/11
  2472 | D:3      | Noticed Robin
  2480 | D:3      | Reached skill level 1 in Conjurations
  2480 | D:3      | Reached skill level 1 in Hexes
  2480 | D:3      | Reached skill level 1 in Summonings
  2480 | D:3      | Reached skill level 1 in Necromancy
  2480 | D:3      | Reached skill level 1 in Translocations
  2480 | D:3      | Reached skill level 1 in Transmutations
  2480 | D:3      | Reached skill level 1 in Fire Magic
  2480 | D:3      | Reached skill level 1 in Air Magic
  2480 | D:3      | Reached skill level 1 in Earth Magic
  2480 | D:3      | Reached skill level 1 in Poison Magic
  2489 | D:3      | Killed Robin
  2976 | D:3      | Found a radiant altar of Vehumet.
  2976 | D:3      | Noticed a frost-covered statue
  3484 | D:3      | Reached XP level 5. HP: 37/37 MP: 7/12
  3628 | D:3      | Killed a frost-covered statue
  3632 | D:3      | Became a worshipper of Vehumet
  3841 | D:4      | Reached XP level 6. HP: 32/44 MP: 8/14
  3984 | D:4      | Reached skill level 5 in Dodging
  4176 | D:4      | Found a staircase to the Ecumenical Temple.
  4777 | D:4      | Reached XP level 7. HP: 22/51 MP: 15/15
  5247 | D:5      | Entered Level 5 of the Dungeon
  5399 | D:5      | Reached skill level 5 in Stealth
  6030 | D:5      | Reached XP level 8. HP: 22/58 MP: 6/16
  6349 | D:5      | Found a shimmering altar of Xom.
  6361 | D:5      | Identified the +9 dagger "Kiezxe" {freeze, rC++ rN+}
  6474 | D:5      | Reached * piety under Vehumet
  6474 | D:5      | Offered knowledge of Foxfire by Vehumet.
  7724 | D:6      | Found a broken altar of Ashenzari.
  8030 | D:7      | Learned a level 3 spell: Swiftness
  8033 | D:7      | Offered knowledge of Sandblast by Vehumet.
  8034 | D:7      | Reached XP level 9. HP: 61/65 MP: 12/18
  8097 | D:7      | Reached ** piety under Vehumet
  8176 | D:7      | Reached skill level 8 in Ice Magic
  8295 | D:7      | Found a sand-covered staircase.
  8320 | D:7      | You are sucked into a shaft and drop 3 floors!
  8320 | D:10     | Entered Level 10 of the Dungeon
  8334 | D:10     | Noticed a troll
  8372 | D:10     | Gained mutation: You have large cloven feet. [potion of
                  | mutation]
  8372 | D:10     | Gained mutation: Your magical capacity is low. (-10% MP)
                  | [potion of mutation]
  8372 | D:10     | Gained mutation: Your spells are a little harder to cast,
                  | but a little more powerful. [potion of mutation]
  8385 | D:10     | Slain by a wyvern

Illustrated notes

Levels and vault maps discovered:
D:1:      arrival_aquarium_a, layout_basic,
          chequers_ecumenical_altar_simple_redux, chequers_serial_rivers_room_b
D:2:      layout_basic, basic_altar
D:3:      layout_basic, vehumet_statue, minmay_quantized, uniq_robin
D:4:      kennysheep_spiral_hall, layout_basic, minmay_temple_entry_arrows
D:5:      layout_loops_ring, tgw_xom
D:6:      layout_loops_corners, ashenzari_altar_1
D:7:      layout_rooms, zin_treasury, enter_ossuary_1, serial_shops,
          nicolae_shop_window_shopping, grunt_decor_one_mirror
D:10:     hellmonk_destroyed_diamonds, layout_cave_pools,
          minmay_lair_entry_grove, serial_shops, nicolae_shop_trees,
          minmay_misc_feat_roman, nicolae_inconvenience_store

Skill      XL: |  1  2  3  4  5  6  7  8  9 |
---------------+----------------------------+-----
Spellcasting   | 5 6 |  6.7
Invocations    | 1 2 3 4 |  4.8
Fighting       | 1 2 3 4 |  4.3
Short Blades   | 1 2 3 4 |  4.3
Long Blades    | 1 2 3 4 |  4.3
Axes           | 1 2 3 4 |  4.3
Maces & Flails | 1 2 3 4 |  4.3
Polearms       | 1 2 3 4 |  4.3
Staves         | 1 2 3 4 |  4.3
Ranged Weapons | 1 2 3 4 |  4.3
Throwing       | 1 2 3 4 |  4.3
Armour         | 1 2 3 4 |  4.3
Shields        | 1 2 3 4 |  4.3
Unarmed Combat | 1 2 3 4 |  4.3
Evocations     | 1 2 3 4 |  4.3
Conjurations   | 1 2 3 |  3.6
Hexes          | 1 2 3 |  3.6
Summonings     | 1 2 3 |  3.6
Necromancy     | 1 2 3 |  3.6
Translocations | 1 2 3 |  3.6
Transmutations | 1 2 3 |  3.6
Fire Magic     | 1 2 3 |  3.6
Air Magic      | 1 2 3 |  3.6
Earth Magic    | 1 2 3 |  3.6
Poison Magic   | 1 2 3 |  3.6
Dodging        | 5 6 |  6.4
Stealth        | 5 6 |  6.1
Ice Magic      | 8 |  8.0

Action                   |  1- 3 |  4- 6 |  7- 9 || total
-------------------------+-------+-------+-------++-------
Melee: Unarmed           |     4 |       |       ||     4
       Staff             |    16 |    38 |     1 ||    55
       Bite              |     2 |     3 |     6 ||    11
       Morningstar       |       |       |    19 ||    19
       Dagger            |       |       |    54 ||    54
       Kick              |       |       |     3 ||     3
 Cast: Freeze            |    49 |    25 |    21 ||    95
       Frozen Ramparts   |     5 |    16 |    29 ||    50
       Ozocubu's Armour  |       |     5 |     9 ||    14
Evoke: Wand              |       |     6 |       ||     6
  Use: Scroll            |       |     3 |     6 ||     9
       Potion            |       |       |     4 ||     4
 Stab: Sleeping          |       |       |     1 ||     1
Armor: Robe              |    16 |     1 |       ||    17
       Leather armour    |       |    13 |    27 ||    40
Dodge: Dodged            |    41 |    31 |    57 ||   129
Block: Buckler           |       |    11 |    25 ||    36

Table legend: (Time is in decaauts)
 A = Elapsed time spent in this place.
 B = Non-inter-level travel time spent in this place.
 C = Inter-level travel time spent in this place.
 D = Time resting spent in this place.
 E = Time spent auto-exploring this place.
 F = Levels seen in this place.
 G = Mean time per level.
                   A        B        C        D        E       F      G
               +--------+--------+--------+--------+--------+-----+--------+
         Total |   8391 |   7939 |    452 |   1078 |   5586 |   8 | 1048.9 |
       Dungeon |   8391 |   7939 |    452 |   1078 |   5586 |   8 | 1048.9 |
               +--------+--------+--------+--------+--------+-----+--------+

Top non-repeatable levels by time:
     D:3: 1623 daAuts
     D:6: 1391 daAuts
     D:5: 1387 daAuts
     D:4: 1324 daAuts
     D:2: 1166 daAuts
     D:1: 1140 daAuts
     D:7: 293 daAuts
    D:10: 63 daAuts
